 Dungeon Crawl Stone Soup version 0.19-a0-1587-gaef70b6 (webtiles) character file.

177 dobroeutro the Skirmisher (level 5, -1/44 HPs)
             Began as a Formicid Fighter on Sept 16, 2016.
             Was an Initiate of Okawaru.
             Slain by a gnoll
             ... wielding a +0 halberd
              (13 damage)
             ... on level 3 of the Dungeon.
             The game lasted 00:04:28 (1899 turns).

dobroeutro the Skirmisher (Formicid Fighter)        Turns: 1899, Time: 00:04:28

Health: -1/44      AC:  8    Str: 21    XL:     5   Next: 87%
Magic:  5/5        EV:  7    Int:  7    God:    Okawaru [......]
Gold:   108        SH:  9    Dex: 11    Spells: 0 memorised, 4 levels left

rFire  . . .     SeeInvis +     a - +0 long sword
rCold  . . .     Gourm    .     b - +0 scale mail
rNeg   . . .     Faith    .     c - +0 shield
rPois  .         Spirit   .     (helmet unavailable)
rElec  .         Dismiss  .     (no cloak)
rCorr  .         Reflect  .     (no gloves)
MR     .....     Harm     .     j - +0 pair of boots
Stlth  ..........               (no amulet)
                                (no ring)
                                (no ring)

@: no status effects
A: permanent stasis, dig shafts and tunnels, four strong arms, antennae 3
a: Dig, Shaft Self, Renounce Religion


You were on level 3 of the Dungeon.
You worshipped Okawaru.
Okawaru was noncommittal.
You were hungry.

You visited 1 branch of the dungeon, and saw 3 of its levels.

You collected 108 gold pieces.

Inventory:

Hand Weapons
 a - a +0 long sword (weapon)
Armour
 b - a +0 scale mail (worn)
 c - a +0 shield (worn)
 j - a +0 pair of boots (worn)
Scrolls
 g - 3 scrolls of identify {unknown}
 h - 2 scrolls of remove curse {unknown}
 i - 2 scrolls of magic mapping {unknown}
 k - 2 scrolls of recharging {unknown}
 q - 2 scrolls of amnesia {unknown}
 s - a scroll of immolation {unknown}
 t - a scroll of enchant weapon {unknown}
Potions
 d - a potion of might
 e - 3 potions of curing {unknown}
 l - a potion of lignification {unknown}
 m - 2 potions of mutation {unknown}
 n - 2 potions of haste {unknown}
 o - 2 potions of degeneration {unknown}
 p - a potion of invisibility {unknown}
Comestibles
 f - 5 bread rations
 r - a beef jerky
 v - 4 fruits


   Skills:
 + Level 5.1 Fighting
 + Level 3.7 Long Blades
 - Level 4.0 Armour
 - Level 3.6 Shields


You had 4 spell levels left.
You didn't know any spells.

Dungeon Overview and Level Annotations

Branches:
Dungeon (3/15)

Altars:
Okawaru


Innate Abilities, Weirdness & Mutations

You are under a permanent stasis effect.
You can dig through walls and to a lower floor.
Your four strong arms can wield two-handed weapons with a shield.
You have a pair of large antennae on your head. (SInv)


Message History

The gnoll hits you from afar with a halberd.
You barely miss the gnoll.
The gnoll is severely wounded.
The gnoll hits you but does no damage. You block the gnoll's attack.
The gnoll hits you from afar with a halberd.
The gnoll hits you.
You slash the gnoll!
You kill the gnoll!
Okawaru accepts your kill. The gnoll hits you but does no damage.
You block the gnoll's attack. The gnoll barely misses you.
The gnoll hits you with a halberd!
You hit the gnoll but do no damage. You block the gnoll's attack.
The gnoll hits you with a halberd.
You hit the gnoll but do no damage. You block the gnoll's attack.
The gnoll hits you with a halberd!
Your shield prevents you from hitting the gnoll.
The gnoll hits you with a halberd.
* * * LOW HITPOINT WARNING * * *
The gnoll hits you with a halberd!
You die...

....................#
###..##.#.#.#########
.....##...#.#
.......##.#.#########
####................
#######.#.####.#.#.#
.8.8.8..#........<.#.#
........#.###...gg...#
........#.###..#@#
........##.....#)#
........##.##..#.#
........##.##....#
.8.8.8........##.#
######...#.##.##.#
#......##.##.#
#####.#.##.##.#
#.......##.##.#


You could see 2 gnolls.

Vanquished Creatures
  Ijyb (D:2)
  2 gnolls (D:3)
  5 adders
  An ooze (D:1)
  A worm (D:2)
  A dart slug (D:1)
  2 leopard geckos (D:2)
  4 orcs (D:3)
  3 giant cockroaches
  12 goblins
  2 hobgoblins
  12 jackals
  A quokka (D:2)
  5 bats
  2 frilled lizards
  10 kobolds
  6 rats
70 creatures vanquished.

Notes
Turn   | Place    | Note
-------+----------+-------------------------------------------
     0 | D:1      | dobroeutro the Formicid Fighter began the quest for the Orb.
     0 | D:1      | Reached XP level 1. HP: 18/18 MP: 1/1
   140 | D:1      | Reached XP level 2. HP: 15/24 MP: 2/2
   511 | D:1      | Reached XP level 3. HP: 30/30 MP: 3/3
   764 | D:2      | Found an iron altar of Okawaru.
   825 | D:2      | Became a worshipper of Warmaster Okawaru
  1005 | D:2      | Reached XP level 4. HP: 37/37 MP: 4/4
  1037 | D:2      | Reached skill level 4 in Fighting
  1533 | D:3      | Noticed Ijyb
  1566 | D:2      | Killed Ijyb
  1566 | D:2      | Reached XP level 5. HP: 40/43 MP: 5/5
  1820 | D:3      | Reached skill level 5 in Fighting
  1899 | D:3      | Slain by a gnoll

Vault maps used:
D:1:      onia_arrival_pyramid
D:2:      st_stairs_14, okawaru_metal_pillars_1_2
D:3:      kennysheep_the_goblin_king

Skill      XL: |  1  2  3  4  5 |
---------------+----------------+-----
Armour         | 4 |  4.0
Long Blades    | 3 |  3.7
Fighting       | 4 5 |  5.1
Shields        | |  3.6

Action                   |  1- 3 |  4- 6 || total
-------------------------+-------+-------++-------
Melee: Long sword        |   116 |   168 ||   284
  Eat: Chunk             |       |     3 ||     3
Armor: Scale mail        |    50 |    88 ||   138
Dodge: Dodged            |    41 |    42 ||    83
Block: Shield            |    44 |    99 ||   143
